 Dungeon Crawl Stone Soup version 0.23-b1-84-g6588a6b (webtiles) character file.

Game seed: 8506568902052091583

421 DarkinPup the Ducker (level 6, -3/48 HPs)
             Began as a Demonspawn Gladiator on Feb 9, 2019.
             Slain by an iguana (12 damage)
             ... on level 5 of the Dungeon.
             The game lasted 00:05:13 (3574 turns).

DarkinPup the Ducker (Demonspawn Gladiator)         Turns: 3574, Time: 00:05:14

Health: -3/48      AC:  7    Str: 19    XL:     6   Next: 62%
Magic:  6/6        EV: 12    Int: 10    God:
Gold:   166        SH:  0    Dex: 16    Spells: 5/5 levels left

rFire    . . .     SeeInvis .   a - +0 long sword
rCold    . . .     Gourm    .   (no shield)
rNeg     . . .     Faith    .   l - +0 scale mail (curse)
rPois    .         Spirit   .   (helmet restricted)
rElec    .         Reflect  .   g - +0 cloak
rCorr    .         Harm     .   (no gloves)
MR       +....                  (no boots)
Stlth    ..........             (no amulet)
HPRegen  0.16/turn              e - ring of protection from magic
MPRegen  0.10/turn              r - +5 ring of strength

@: no status effects
A: claws 1, hooves 1, horns 1
a: no special abilities


You were on level 5 of the Dungeon.
You were not hungry.

You visited 1 branch of the dungeon, and saw 5 of its levels.

You collected 166 gold pieces.

Inventory:

Hand Weapons
 a - a +0 long sword (weapon)
Missiles
 d - 3 throwing nets (quivered)
Armour
 b - a +0 leather armour
 c - a +0 helmet
 g - a +0 cloak (worn)
 l - a cursed +0 scale mail (worn)
Jewellery
 e - a ring of protection from magic (left claw)
 r - a +5 ring of strength (right claw)
Wands
 x - a wand of digging (4)
Scrolls
 i - 6 scrolls of identify {unknown}
 j - 4 scrolls of fear {unknown}
 m - 2 scrolls of blinking {unknown}
 n - a scroll of remove curse {unknown}
 o - 2 scrolls of random uselessness {unknown}
 q - a scroll of immolation {unknown}
 v - a scroll of amnesia {unknown}
 w - a scroll of enchant armour {unknown}
Potions
 h - a potion of invisibility {unknown}
 k - 2 potions of might {unknown}
 p - a potion of berserk rage {unknown}
 s - a potion of degeneration {unknown}
 t - a potion of brilliance {unknown}
 u - a potion of agility {unknown}
 z - a potion of heal wounds {unknown}
Comestibles
 f - 8 rations


   Skills:
 * Level 4.1 Fighting
 * Level 3.4 Long Blades
 - Level 1.7 Throwing
 + Level 1.6 Armour
 * Level 4.3 Dodging
 * Level 2.5 Unarmed Combat


You had 5 spell levels left.
You didn't know any spells.
Your spell library was empty.

Dungeon Overview and Level Annotations

Branches:
Dungeon (5/15)
 Temple: D:4-7

Altars:
Ru
Vehumet
Yredelemnul
Beogh

Shops:
D:4 *

Annotations:
D:5 3 runed translucent doors, SkeletonJelly's ghost, novice DsGl


Innate Abilities, Weirdness & Mutations

You have sharp fingernails.
You have large cloven feet.
You have a pair of small horns on your head.


Message History

No target in view!
You start resting.
The iguana is too close now for your liking.
An iguana is nearby!
You barely miss the iguana. Your kick misses the iguana. The iguana bites you.
You are too injured to fight recklessly!
You are too injured to fight recklessly!
You are too injured to fight recklessly!
You closely miss the iguana. Your headbutt misses the iguana.
The iguana closely misses you.
You hit the iguana. You headbutt the iguana.
The iguana is heavily wounded.
The iguana bites you!
* * * LOW HITPOINT WARNING * * *
The iguana bites you.
* * * LOW HITPOINT WARNING * * *
You hit the iguana but do no damage.
The iguana is heavily wounded.
The iguana bites you!
You die...

#####
#...################
#...................
#...################
##.## #### #.# #...
#.######## ###.##
#......... .....#
##@.##### ###...
#l.# #.## #..#
#######.## ....
.......... ...##
#........ #...#
######.#. #...#
###.#. #...# #.....
#.####.###.


You could see an iguana.

Vanquished Creatures
  A phantom (D:4)
  A scorpion (D:5)
  A centaur zombie (D:5)
  An orc priest (D:4)
  2 bullfrog skeletons
  A worker ant (D:4)
  6 adders
  An ooze (D:2)
  2 worms (D:2)
  A leopard gecko (D:1)
  4 orcs (D:4)
  5 bats
  6 giant cockroaches
  11 goblins
  11 hobgoblins
  6 jackals
  5 kobolds
  A quokka (D:4)
  3 ball pythons
  3 frilled lizards
  6 rats
78 creatures vanquished.

Notes
Turn   | Place    | Note
-------+----------+-------------------------------------------
     0 | D:1      | DarkinPup the Demonspawn Gladiator began the quest for the
                  | Orb.
     0 | D:1      | Reached XP level 1. HP: 16/16 MP: 1/1
   120 | D:1      | Gained mutation: You have large cloven feet. [demonic
                  | ancestry]
   120 | D:1      | Reached XP level 2. HP: 22/22 MP: 2/2
   786 | D:2      | Gained mutation: You have sharp fingernails. [demonic
                  | ancestry]
   786 | D:2      | Reached XP level 3. HP: 26/28 MP: 3/3
  1552 | D:2      | Found a sacrificial altar of Ru.
  1832 | D:3      | Found a basalt altar of Yredelemnul.
  1847 | D:3      | Reached XP level 4. HP: 31/34 MP: 4/4
  1908 | D:3      | Reached skill level 1 in Unarmed Combat
  2730 | D:4      | Found Xodghudi's Assorted Antiques.
  2954 | D:4      | Reached skill level 1 in Armour
  2954 | D:4      | Reached XP level 5. HP: 38/41 MP: 5/5
  2965 | D:4      | Found a radiant altar of Vehumet.
  3085 | D:4      | Noticed a phantom
  3106 | D:4      | Killed a phantom
  3106 | D:4      | Gained mutation: You have a pair of small horns on your
                  | head. [demonic ancestry]
  3106 | D:4      | Reached XP level 6. HP: 42/48 MP: 6/6
  3410 | D:5      | Entered Level 5 of the Dungeon
  3476 | D:5      | Found a runed translucent gate.
  3476 | D:5      | Found a runed translucent gate.
  3476 | D:5      | Found a runed translucent gate.
  3479 | D:5      | Noticed SkeletonJelly's ghost (novice DsGl)
  3479 | D:5      | Identified the +3 mace of Incongruity {crush, Int+2}
  3484 | D:5      | Found a roughly hewn altar of Beogh.
  3574 | D:5      | Slain by an iguana

Skill      XL: |  1  2  3  4  5  6 |
---------------+-------------------+-----
Long Blades    | 3 |  3.4
Dodging        | 3 4 |  4.3
Fighting       | 3 4 |  4.1
Unarmed Combat | 1 2 |  2.5
Armour         | 1 |  1.6
Throwing       | |  1.7

Action                   |  1- 3 |  4- 6 || total
-------------------------+-------+-------++-------
Melee: Long sword        |   102 |   103 ||   205
       Kick              |    23 |    40 ||    63
       Punch             |       |     1 ||     1
       Headbutt          |       |    11 ||    11
  Eat: Chunk             |     3 |     6 ||     9
Armor: Leather armour    |    19 |       ||    19
       Scale mail        |    29 |    41 ||    70
Dodge: Dodged            |    79 |    67 ||   146
       Rpst.: Long sword |    33 |    23 ||    56
